 Dungeon Crawl Stone Soup version 0.30-a0-122-g2a1322497e (webtiles) character file.

Game seed: 13912983521025052937

55 ravioli the Caller (level 3, 0/21 HPs)
             Began as an Octopode Summoner on Sept 17, 2022.
             Slain by Natasha (6 damage)
             ... on level 3 of the Dungeon.
             The game lasted 00:05:39 (3660 turns).

ravioli the Caller (Octopode Summoner)              Turns: 3660, Time: 00:05:40

Health: 0/21       AC:  1    Str:  7    XL:     3   Next: 93%
Magic:  3/6        EV: 13    Int: 19    God:
Gold:   138        SH:  0    Dex: 12    Spells: 3/7 levels left

rFire   . . .      SeeInvis .    (no weapon)
rCold   . . .      Faith    .    (no shield)
rNeg    + . .      Spirit   .    (helmet restricted)
rPois   .          Reflect  .    (no amulet)
rElec   .          Harm     .    j - ring of positive energy
rCorr   .          Rampage  .    (no ring)
Will    .....                    (no ring)
Stlth   +++.......               (no ring)
HPRegen 0.07/turn                (no ring)
MPRegen 0.10/turn                (no ring)
                                 (no ring)
                                 (no ring)

@: slowed, very slow
A: almost no armour, amphibious, 8 rings, camouflage 1, gelatinous body 1,
(nimble swimmer 1), tentacles
a: no special abilities


You were on level 3 of the Dungeon.
You visited 1 branch of the dungeon, and saw 3 of its levels.

You collected 138 gold pieces.

Inventory:

Jewellery
 j - a ring of positive energy (left tentacle)
 l - a +4 ring of protection
Scrolls
 e - 3 scrolls of fear {unknown}
 f - 3 scrolls of amnesia {unknown}
 h - 2 scrolls of teleportation {unknown}
 k - a scroll of enchant weapon {unknown}
 m - a scroll of blinking {unknown}
Potions
 b - a potion of haste {unknown}
 d - a potion of invisibility
 g - a potion of might {unknown}
 i - a potion of curing {unknown}


   Skills:
 + Level 0.2 Fighting
 + Level 2.0 Dodging
 + Level 2.7 Stealth
 + Level 0.1 Unarmed Combat
 + Level 2.6 Spellcasting
 + Level 4.9 Summonings


You had 3 spell levels left.
You knew the following spells:

 Your Spells              Type           Power      Damage    Failure   Level
a - Summon Small Mammal   Summ           84%        N/A       1%          1
b - Call Canine Familiar  Summ           21%        N/A       6%          3

Your spell library contained the following spells:

 Spells                   Type           Power      Damage    Failure   Level
 Call Imp                 Summ           21%        N/A       3%          2
 Beastly Appendage        Tmut           4%         N/A       16%         1
 Summon Guardian Golem    Hex/Summ       11%        N/A       17%         3
 Wereblood                Tmut           2%         N/A       24%         2
 Spider Form              Tmut/Pois      2%         N/A       43%         3
 Summon Lightning Spire   Summ/Air       11%        N/A       50%         4


Dungeon Overview and Level Annotations

Branches:
Dungeon (3/15)

Altars:

Annotations:
D:3 Natasha


Innate Abilities, Weirdness & Mutations

You cannot wear most types of armour.
You are amphibious.
You can wear up to eight rings at the same time.
Your skin changes colour to match your surroundings (Stealth+).
Your rubbery body absorbs attacks. (AC +1, EV +1)
((You are camouflaged when in or above water. (Stealth+)))
You have tentacles for arms and can constrict up to eight enemies at once.


Message History

Anything else - Cancel.
Gang up on whom?
Press: ? - help, Dir - move target, f - rat
Aim: a rat (ally target) Attack!
Your hound bites the rat.
The rat dies!
You start resting.
Your quokka disappears in a puff of smoke!
Magic restored.
You start resting.
Your hound disappears in a puff of smoke!
HP restored.
You start waiting.
Done waiting.
You open the door.
Natasha, Servant of Life and Death comes into view.
She is carrying a wand of flame (22).
The spell is quite dangerous to miscast (6% risk of failure)!
Continue anyway?
Natasha zaps a wand.
The puff of flame hits you! Natasha casts a spell at you.
You feel yourself slow down.
You see here a +0 dagger.
What are your orders? t - Shout!
Orders for allies: a - Attack new target. r - Retreat! s - Stop attacking. g - Guard the area. f - Follow me.
Anything else - Cancel.
Gang up on whom?
Press: ? - help, Dir - move target, f - Natasha
Aim: Natasha, carrying a wand of flame (21) (ally target) Attack!
Your hound bites Natasha but does no damage.
Your hound bites Natasha.
Natasha claws you.
* * * LOW HITPOINT WARNING * * *
Your hound bites Natasha.
Natasha wildly gestures.
You feel disoriented. Natasha claws you.
You die...

....####.....
...............
.............. ..
............ .# ...
#..#...÷.# ..#
...####.#.....##...#
.)...........''...+
.............##...#
##......@..# ###
#.....÷hh..#
###.....#'#..##
#....<..+.#...#
#.##....###.#..# #
..........##...
############ ##...
##.+ #


You could see Natasha (ally target) and a friendly hound (summoned).

Vanquished Creatures
  An endoplasm (D:3)
1 creature vanquished.

Vanquished Creatures (collateral kills)
  A nameless horror (D:3)
  An adder (D:2)
  2 dart slugs
  4 ball pythons
  6 bats
  2 endoplasms
  A giant cockroach (D:2)
  6 goblins
  4 jackals (D:1)
  3 frilled lizards
  4 kobolds
  3 rats
37 creatures vanquished.

Grand Total: 38 creatures vanquished

Notes
Turn   | Place    | Note
-------+----------+-------------------------------------------
     0 | D:1      | ravioli the Octopode Summoner began the quest for the Orb.
     0 | D:1      | Reached XP level 1. HP: 11/11 MP: 3/3
   584 | D:1      | Reached XP level 2. HP: 17/17 MP: 1/5
  1520 | D:1      | Found a faded altar of an unknown god.
  1768 | D:1      | Reached XP level 3. HP: 21/21 MP: 6/6
  1772 | D:1      | Learned a level 3 spell: Call Canine Familiar
  3294 | D:3      | Noticed a nameless horror
  3312 | D:3      | Killed a nameless horror
  3656 | D:3      | Noticed Natasha
  3660 | D:3      | Slain by Natasha

Illustrated notes

Levels and vault maps discovered:
D:1:      ncdulo_halloftheorcs, layout_basic,
          shapermc_ecumenical_altar_hornbeckon, st_stairs_5
D:2:      layout_basic
D:3:      minmay_chambers_of_twos, layout_basic, lemuel_doored_altar,
          uniq_natasha

Action                   || total
-------------------------++-------
Melee: Unarmed           ||     9
       Tentacles         ||     2
 Cast: Summon Small Mamm ||    40
       Call Canine Famil ||    13
  Use: Potion            ||     3
Armor: Skin              ||     6
Dodge: Dodged            ||    33

Table legend: (Time is in decaauts)
 A = Elapsed time spent in this place.
 B = Non-inter-level travel time spent in this place.
 C = Inter-level travel time spent in this place.
 D = Time resting spent in this place.
 E = Time spent auto-exploring this place.
 F = Levels seen in this place.
 G = Mean time per level.
                   A        B        C        D        E       F      G
               +--------+--------+--------+--------+--------+-----+--------+
         Total |   3659 |   3546 |    113 |   1317 |   1879 |   3 | 1219.7 |
       Dungeon |   3659 |   3546 |    113 |   1317 |   1879 |   3 | 1219.7 |
               +--------+--------+--------+--------+--------+-----+--------+

Top non-repeatable levels by time:
     D:1: 2039 daAuts
     D:2: 1219 daAuts
     D:3: 400 daAuts
